 Dungeon Crawl Stone Soup version 0.28-a0-1199-gef9e1dbd39 (webtiles) character file.

Game seed: 13277426834074406833

70 sanka the Slasher (level 4, -5/37 HPs)
             Began as a Palentonga Abyssal Knight on Dec 19, 2021.
             Was a Believer of Lugonu.
             Shot with an arrow by a centaur (7 damage)
             ... on level 4 of the Dungeon.
             The game lasted 00:02:11 (1949 turns).

sanka the Slasher (Palentonga Abyssal Knight)       Turns: 1949, Time: 00:02:11

Health: -5/37      AC:  4    Str: 24    XL:     4   Next: 3%
Magic:  14/14      EV:  6    Int: 10    God:    Lugonu [**....]
Gold:   84         SH:  6    Dex: 11    Spells: 3/3 levels left

rFire   . . .      SeeInvis +   a - +1 falchion
rCold   . . .      Faith    .   i - +0 kite shield
rNeg    . . .      Spirit   .   b - +0 leather armour
rPois   .          Reflect  .   (no helmet)
rElec   .          Harm     .   (no cloak)
rCorr   .          Rampage  .   (no gloves)
Will    .....                   (no barding)
Stlth   +.........              f - amulet of regeneration
HPRegen 0.92/turn               h - +6 ring of strength
MPRegen 0.14/turn               d - ring of magical power

@: no status effects
A: large, rugged brown scales 3, see invisible, deformed body, roll 1, armoured
tail
a: Rolling Charge, Renounce Religion, Depart the Abyss, Bend Space


You were on level 4 of the Dungeon.
You worshipped Lugonu.
Lugonu was pleased with you.
You visited 1 branch of the dungeon, and saw 4 of its levels.
You visited the Abyss 1 time.

You collected 84 gold pieces.


Innate Abilities, Weirdness & Mutations

You are completely covered in rugged brown scales. (AC +3, +7% HP)
You have supernaturally acute eyesight. (SInv)
Armour fits poorly on your strangely shaped body.
You can roll at nearby foes to attack.
You have a long armoured tail.


   Skills:
 - Level 3.0 Fighting
 + Level 4.3 Long Blades
 - Level 1.5 Armour
 - Level 0.7 Dodging
 + Level 0.0 Shields
 + Level 2.0 Invocations


You had 3 spell levels left.
You didn't know any spells.
Your spell library was empty.

Inventory:

Hand Weapons
 a - a +1 falchion (weapon)
Armour
 b - a +0 leather armour (worn)
 i - a +0 kite shield (worn)
Jewellery
 d - a ring of magical power (right hand)
 f - an amulet of regeneration (around neck)
 h - a +6 ring of strength (left hand)
Scrolls
 c - a scroll of enchant armour {unknown}
 e - 2 scrolls of amnesia {unknown}
 g - a scroll of vulnerability {unknown}

Dungeon Overview and Level Annotations

Branches:
Dungeon (4/15)
 Temple: D:4-7

Altars:
Makhleb

▒▒▒▒▒▒▒
▒▒▒▒▒cw...▒▒▒
.....h......▒
.▒▒▒.▒▒▒H...▒
▒ ▒▒.....▒
▒......▒
▒......▒
▒......▒
▒.▒..<.▒▒▒
▒▒.......▒
▒▒▒.▒.▒.▒
...▒.▒.▒


You could see a black bear, a centaur and a worm.


Message History

You climb upwards.
There is a stone staircase leading down here.
Unknown command.
You climb downwards.
You hear the hiss of flowing sand.
There is an entrance to an ossuary on this level.
Hurry and find it before the portal is buried!
There is a stone staircase leading up here.
A centaur comes into view.
The centaur shouts!
The centaur wields a +0 shortbow.
The centaur shoots an arrow.
The arrow hits you.
The centaur shoots an arrow.
The arrow hits you!
A black bear and a worm come into view.
The black bear growls angrily.
The centaur shoots an arrow.
The arrow hits you!
* * * LOW HITPOINT WARNING * * *
The centaur shoots an arrow.
You block the arrow.
The centaur shoots an arrow.
The arrow hits you.
* * * LOW HITPOINT WARNING * * *
The centaur shoots an arrow.
The arrow hits you!
* * * LOW HITPOINT WARNING * * *
The centaur shoots an arrow.
The arrow hits you!
You die...

Action                   |  1- 3 |  4- 6 || total
-------------------------+-------+-------++-------
Melee: Falchion          |    96 |     1 ||    97
       Tailslap          |     8 |       ||     8
 Abil: Rolling Charge    |     6 |       ||     6
 Stab: Sleeping          |     1 |       ||     1
Armor: Leather armour    |    38 |     1 ||    39
Dodge: Dodged            |    37 |       ||    37
Block: Kite shield       |       |     1 ||     1

Levels and vault maps discovered:
D:1:      minmay_arrival_three_doors, layout_loops_corners,
          hellmonk_ecumenical_altar_heavens_door
D:2:      layout_rooms, basic_altar, minmay_misc_feat_tower, grunt_ministairs_13
D:3:      layout_basic
D:4:      layout_loops_cross, chequers_ossuary_entry_cave,
          minmay_manual_monstrance, uniq_ijyb

Notes
Turn   | Place    | Note
-------+----------+-------------------------------------------
     0 | Abyss:1  | sanka the Palentonga Abyssal Knight began the quest for the
                  | Orb.
     0 | Abyss:1  | Reached XP level 1. HP: 19/19 MP: 2/2
    29 | D:1      | Escaped the Abyss
   154 | D:1      | Reached XP level 2. HP: 13/25 MP: 3/3
   340 | D:1      | Found a faded altar of an unknown god.
   362 | D:1      | Reached skill level 3 in Long Blades
  1066 | D:1      | Reached ** piety under Lugonu
  1217 | D:1      | Reached XP level 3. HP: 28/31 MP: 4/4
  1439 | D:2      | Reached skill level 4 in Long Blades
  1581 | D:2      | Found a burning altar of Makhleb.
  1711 | D:2      | Reached XP level 4. HP: 37/37 MP: 5/5
  1945 | D:4      | Noticed a centaur
  1946 | D:4      | Noticed a black bear
  1949 | D:4      | HP: 2/37 [centaur/arrow (10)]
  1949 | D:4      | Shot with an arrow by a centaur

Vanquished Creatures
  2 adders (D:2)
  4 ball pythons (D:1)
  8 endoplasms
  A giant cockroach (D:2)
  6 goblins
  5 hobgoblins
  4 jackals
  3 kobolds
  2 quokkas
  4 bats
  4 frilled lizards
  4 rats
47 creatures vanquished.
